 Dungeon Crawl Stone Soup version 0.21.1-1-g345015fe64 (webtiles) character file.

547 roosipov the Poker (level 7, -4/51 (52) HPs)
             Began as a Demonspawn Gladiator on Mar 27, 2018.
             Was a Follower of Yredelemnul.
             Slain by Grinder (5 damage)
             ... on level 5 of the Dungeon.
             The game lasted 00:41:05 (3767 turns).

roosipov the Poker (Demonspawn Gladiator)           Turns: 3767, Time: 00:41:08

HP:   -4/51 (52)    AC: 10    Str: 17    XL:     7   Next: 7%
MP:   7/7           EV:  8    Int:  9    God:    Yredelemnul [*.....]
Gold: 310           SH:  0    Dex: 14    Spells: 6/6 levels left

rFire    . . .     SeeInvis .   a - +0 trident
rCold    . . .     Gourm    .   (no shield)
rNeg     . . .     Faith    .   m - +0 chain mail
rPois    +         Spirit   .   (helmet restricted)
rElec    .         Reflect  .   n - +0 cloak
rCorr    .         Harm     .   (no gloves)
MR       .....                  (boots unavailable)
Stlth    ..........             j - amulet of rage
HPRegen  0.17/turn              b - ring of wizardry
MPRegen  0.10/turn              h - ring of poison resistance

@: slowed, very slow
A: antennae 1, claws 1, hooves 3
a: Animate Remains, Renounce Religion, Evoke Berserk Rage


You were on level 5 of the Dungeon.
You worshipped Yredelemnul.
Yredelemnul was aware of your devotion.
You were not hungry.

You visited 1 branch of the dungeon, and saw 5 of its levels.

You collected 310 gold pieces.

Inventory:

Hand Weapons
 a - a +0 trident (weapon)
 q - the +10 hand axe of Nemelex Xobeh's Favour {chop, rF+ MR+ Str+3 Dex+2, unknown}
   (You found it on level 4 of the Dungeon)

   It inflicts extra damage upon your enemies.
   It affects your strength (+3).
   It affects your dexterity (+2).
   It protects you from fire.
   It affects your resistance to hostile enchantments.
 r - a +3 war axe
Missiles
 c - 3 tomahawks
 d - 3 throwing nets (quivered)
Armour
 m - a +0 chain mail (worn)
 n - a +0 cloak (worn)
 w - the +3 chain mail "Coiborchy" {rPois, unknown}
   (You found it on level 5 of the Dungeon)

   It protects you from poison.
Jewellery
 b - a ring of wizardry (left claw)
 e - an uncursed ring of fire
 h - a ring of poison resistance (right claw)
 j - an amulet of rage (around neck)
 v - a cursed -2 ring of strength {unknown}
Wands
 f - a wand of digging (9)
 s - a wand of paralysis (18)
Scrolls
 g - 3 scrolls of remove curse {unknown}
 l - 5 scrolls of identify
 p - a scroll of noise {unknown}
Potions
 i - a potion of flight
 k - a potion of cancellation {unknown}
 t - a potion of resistance {unknown}
 u - a potion of brilliance {unknown}
Comestibles
 o - 5 rations


   Skills:
 * Level 3.6 Fighting
 + Level 4.9 Polearms
 + Level 2.0 Throwing
 + Level 3.3 Armour
 * Level 3.7 Dodging
 + Level 0.4 Stealth


You had 6 spell levels left.
You didn't know any spells.

Dungeon Overview and Level Annotations

Branches:
Dungeon (5/15)
 Temple: D:4-7

Altars:
Cheibriados
Vehumet
Xom
Yredelemnul
Zin

Annotations:
D:5 Grinder


Innate Abilities, Weirdness & Mutations

You have a pair of small antennae on your head.
You have sharp fingernails.
You have hooves in place of feet.


Message History

The orc warrior hits you with a short sword!
Grinder gestures at you. Pain shoots through your body!
* * * LOW HITPOINT WARNING * * *
The orc wizard casts a spell.
The orc wizard blinks!
You can move again.
You puncture Grinder! Your kick misses Grinder.
Grinder is severely wounded.
The orc warrior hits you but does no damage.
Grinder closely misses you. The orc warrior misses you.
Your chain mail prevents you from hitting Grinder.
You kick Grinder.
Grinder is severely wounded.
The orc wizard casts a spell.
The orc wizard blinks!
Grinder hits you.
* * * LOW HITPOINT WARNING * * *
You writhe in agony.
You die...
Your body rises from the dead as a mindless zombie.

... #... #o. #..
#.# # # #.##.##.
#####.###....ยง..
.....Z5@oo#
##.##.###.# ..
#.## ..# #..# ..
##.# . ###.###
#.....# #.#.#.#
####.#.#.#


You could see Grinder, an orc warrior, an orc and a jackal skeleton.

Vanquished Creatures
  A necrophage (D:4)
  An ogre (D:4)
  The ghost of DildoBatman the Sneak, a weakling FoEn (D:3)
  A crimson imp (D:3)
  An orc priest (D:2)
  3 worker ants
  4 adders
  4 gnolls
  A shadow imp (D:5)
  An ooze (D:1)
  2 worms (D:2)
  5 dart slugs
  2 leopard geckos
  11 orcs
  10 bats
  6 giant cockroaches
  4 goblins
  9 hobgoblins
  6 jackals (D:1)
  2 quokkas
  5 frilled lizards
  9 kobolds
  A leopard gecko skeleton (D:4)
  9 rats
99 creatures vanquished.

Vanquished Creatures (collateral kills)
  A leopard gecko (D:4)
1 creature vanquished.

Vanquished Creatures (others)
  4 toadstools (D:1)
4 creatures vanquished.

Grand Total: 104 creatures vanquished

Notes
Turn   | Place    | Note
-------+----------+-------------------------------------------
     0 | D:1      | roosipov the Demonspawn Gladiator began the quest for the Orb.
     0 | D:1      | Reached XP level 1. HP: 16/16 MP: 1/1
    26 | D:1      | Gained mutation: You have large cloven feet. [demonic ancestry]
    26 | D:1      | Reached XP level 2. HP: 17/22 MP: 2/2
    75 | D:1      | Reached skill level 3 in Polearms
   251 | D:1      | Gained mutation: You have a pair of small antennae on your head. [demonic ancestry]
   251 | D:1      | Reached XP level 3. HP: 19/27 MP: 3/3
   639 | D:2      | Found a snail-covered altar of Cheibriados.
   687 | D:2      | Reached skill level 1 in Armour
   787 | D:2      | Gained mutation: You have hoof-like feet. [demonic ancestry]
   787 | D:2      | Reached XP level 4. HP: 12/33 MP: 4/4
  1290 | D:2      | Reached skill level 4 in Polearms
  1446 | D:2      | Gained mutation: You have sharp fingernails. [demonic ancestry]
  1446 | D:2      | Reached XP level 5. HP: 32/39 MP: 5/5
  1649 | D:2      | Found a shimmering altar of Xom.
  1649 | D:2      | Found a radiant altar of Vehumet.
  1750 | D:3      | Found a glowing silver altar of Zin.
  1796 | D:3      | Found a basalt altar of Yredelemnul.
  1805 | D:3      | Became a worshipper of Yredelemnul the Dark
  2100 | D:3      | Noticed DildoBatman's ghost (weakling FoEn)
  2120 | D:3      | Killed DildoBatman's ghost
  2737 | D:3      | Gained mutation: You have hooves in place of feet. [demonic ancestry]
  2737 | D:3      | Reached XP level 6. HP: 46/46 MP: 6/6
  3328 | D:4      | Reached * piety under Yredelemnul
  3347 | D:4      | Got a crystal hand axe
  3688 | D:5      | Entered Level 5 of the Dungeon
  3690 | D:5      | Reached XP level 7. HP: 51/51 MP: 7/7
  3746 | D:5      | Got a spiked chain mail
  3756 | D:5      | Noticed Grinder
  3759 | D:5      | Paralysed by Grinder for 7 turns
  3767 | D:5      | HP: 1/51 [Grinder (5)]
  3767 | D:5      | Slain by Grinder

Skill      XL: |  1  2  3  4  5  6 |
---------------+-------------------+-----
Polearms       | 3 4 |  4.9
Dodging        | 3 |  3.7
Throwing       | 2 |  2.0
Armour         | 1 2 3 |  3.3
Fighting       | 3 |  3.6
Stealth        | |  0.4

Action                   |  1- 3 |  4- 6 |  7- 9 || total
-------------------------+-------+-------+-------++-------
Melee: Trident           |   116 |   200 |    14 ||   330
       Kick              |    29 |    49 |     4 ||    82
Throw: Throwing net      |       |     1 |       ||     1
Invok: Animate Remains   |       |     1 |       ||     1
  Use: Potion            |     2 |     2 |       ||     4
       Scroll            |     1 |     1 |     1 ||     3
 Stab: Held in net/web   |       |     1 |       ||     1
  Eat: Chunk             |       |     1 |       ||     1
       Ration            |       |     3 |       ||     3
Armor: Leather armour    |     2 |       |       ||     2
       Scale mail        |    43 |    74 |       ||   117
       Chain mail        |       |    30 |    14 ||    44
Dodge: Dodged            |    73 |   106 |    10 ||   189
